 Dungeon Crawl Stone Soup version 0.21.1-1-g345015f (webtiles) character file.

97 equalderp2856 the Shield-Bearer (level 4, -1/40 HPs)
             Began as a Minotaur Fighter on Apr 29, 2018.
             Slain by Sigmund
             ... wielding a +0 scythe
              (8 damage)
             ... on level 2 of the Dungeon.
             The game lasted 00:02:16 (1487 turns).

equalderp2856 the Shield-Bearer (Minotaur Fighter)  Turns: 1487, Time: 00:02:17

Health: -1/40      AC:  8    Str: 25    XL:     4   Next: 42%
Magic:  3/3        EV:  8    Int:  5    God:
Gold:   79         SH:  0    Dex: 11    Spells: 3/3 levels left

rFire    . . .     SeeInvis .   a - +0 war axe
rCold    . . .     Gourm    .   c - +0 shield
rNeg     . . .     Faith    .   b - +0 scale mail
rPois    .         Spirit   .   (helmet restricted)
rElec    .         Reflect  .   (no cloak)
rCorr    .         Harm     .   q - +0 pair of gloves
MR       .....                  (no boots)
Stlth    ..........             o - amulet of regeneration
HPRegen  0.53/turn              (no ring)
MPRegen  0.08/turn              (no ring)

@: confused, mighty, starving
A: retaliatory headbutt, horns 2
a: no special abilities


You were on level 2 of the Dungeon.
You were starving.

You visited 1 branch of the dungeon, and saw 3 of its levels.

You collected 79 gold pieces.

Inventory:

Hand Weapons
 a - a +0 war axe (weapon)
Armour
 b - a +0 scale mail (worn)
 c - a +0 shield (worn)
 q - a +0 pair of gloves (worn)
Jewellery
 i - an uncursed ring of see invisible {unknown}
 n - a +4 ring of slaying {unknown}
 o - an amulet of regeneration (around neck)
Scrolls
 g - 2 scrolls of teleportation {unknown}
 k - 2 scrolls of magic mapping {unknown}
 m - 3 scrolls of identify {unknown}
Potions
 e - a potion of haste {unknown}
 h - a potion of lignification {unknown}
 j - 2 potions of curing
 l - a potion of resistance {unknown}
 p - a potion of brilliance {unknown}
Comestibles
 f - 4 rations


   Skills:
 + Level 4.2 Fighting
 + Level 3.1 Axes
 + Level 4.2 Armour
 + Level 0.9 Dodging
 + Level 4.8 Shields


You had 3 spell levels left.
You didn't know any spells.

Dungeon Overview and Level Annotations

Branches:
Dungeon (3/15)

Altars:

Annotations:
D:2 Sigmund
D:3 Supreme's ghost, amateur GrEE


Innate Abilities, Weirdness & Mutations

You reflexively headbutt those who attack you in melee.
You have a pair of horns on your head.


Message History

Your scale mail prevents you from hitting something.
Your headbutt misses something.
You hear some strange, mumbled words.
A magic dart appears from out of thin air!
The magic dart hits you!
* * * LOW HITPOINT WARNING * * *
Something hits you but does no damage.
You feel very mighty all of a sudden.
You slash something! Something hits you.
* * * LOW HITPOINT WARNING * * *
You miss something.
You hear some strange, mumbled words.
You are confused.
You hear some strange, mumbled words.
A magic dart appears from out of thin air!
The magic dart hits you!
You bump into the rock wall.
Something hits you.
* * * LOW HITPOINT WARNING * * *
You completely miss something. Something hits you!
You die...

#........##########
##.#####..........# #..#
#..#######.# ##.#
#..#######.######## #.#
#.................. #.#
#..##########'##### #.#
#..# #...........# #.#
#{.####...........# #.#
#>@...+...........#
#.######.####............
#.##....)...........####.
#.##.###.)...######## #.
#.##.#.#.....######### ##
#.##..<#.#...))......# #
#.######.#.))).......# #
#........#...(.......####
##########.........<.....


There were no monsters in sight!

Vanquished Creatures
  An iguana (D:2)
  Robin (D:2)
  An ooze (D:1)
  A worm (D:2)
  A dart slug (D:1)
  A ball python (D:1)
  17 goblins
  5 hobgoblins
  5 bats (D:1)
  3 frilled lizards
  5 kobolds
  5 rats
46 creatures vanquished.

Notes
Turn   | Place    | Note
-------+----------+-------------------------------------------
     0 | D:1      | equalderp2856 the Minotaur Fighter began the quest for the Orb.
     0 | D:1      | Reached XP level 1. HP: 19/19 MP: 0/0
   134 | D:1      | Reached XP level 2. HP: 27/27 MP: 1/1
   539 | D:1      | Reached XP level 3. HP: 33/33 MP: 2/2
   959 | D:2      | Noticed Robin
   961 | D:2      | Reached XP level 4. HP: 40/40 MP: 3/3
   966 | D:2      | Killed Robin
  1462 | D:3      | Noticed Sigmund
  1464 | D:3      | Noticed Supreme's ghost (amateur GrEE)
  1487 | D:2      | Slain by Sigmund

Skill      XL: |  1  2  3 |
---------------+----------+-----
Shields        | 4 |  4.8
Armour         | 4 |  4.2
Fighting       | 4 |  4.2
Axes           | 3 |  3.1
Dodging        | |  0.9

Action                   |  1- 3 |  4- 6 || total
-------------------------+-------+-------++-------
Melee: War axe           |    87 |    52 ||   139
       Headbutt          |     8 |     8 ||    16
  Use: Potion            |       |     2 ||     2
Armor: Scale mail        |    64 |    15 ||    79
Dodge: Dodged            |    46 |    14 ||    60
Block: Shield            |    52 |    13 ||    65
